 Dungeon Crawl Stone Soup version 0.29.1-1-gd02db6906a (webtiles) character file.

Game seed: 14441701257410778781

128 Zeld the Conjurer (level 4, -2/24 HPs)
             Began as a Deep Elf Conjurer on Oct 7, 2022.
             Slain by a gnoll
             ... wielding a +0 whip
              (7 damage)
             ... on level 2 of the Dungeon.
             The game lasted 00:03:32 (2981 turns).

Zeld the Conjurer (Deep Elf Conjurer)               Turns: 2981, Time: 00:03:32

Health: -2/24      AC:  2    Str:  4    XL:     4   Next: 86%
Magic:  9/12       EV: 13    Int: 25    God:
Gold:   111        SH:  0    Dex: 13    Spells: 9/12 levels left

rFire   . . .      SeeInvis .   (no weapon)
rCold   . . .      Faith    .   (no shield)
rNeg    . . .      Spirit   .   a - +0 robe
rPois   +          Reflect  .   (no helmet)
rElec   .          Harm     .   (no cloak)
rCorr   .          Rampage  .   (no gloves)
Will    .....                   (no boots)
Stlth   ++........              (no amulet)
HPRegen 0.08/turn               i - ring of poison resistance
MPRegen 0.13/turn               (no ring)

@: no status effects
A: no striking features
a: no special abilities


You were on level 2 of the Dungeon.
You visited 1 branch of the dungeon, and saw 2 of its levels.

You collected 111 gold pieces.

Inventory:

Armour
 a - a +0 robe (worn)
Jewellery
 i - a ring of poison resistance (left hand)
Scrolls
 c - a scroll of identify {unknown}
 d - a scroll of amnesia {unknown}
 f - 2 scrolls of vulnerability {unknown}
 g - a scroll of enchant armour {unknown}
Potions
 b - 2 potions of magic
 e - a potion of ambrosia {unknown}
 h - a potion of mutation {unknown}
 j - 2 potions of might {unknown}


   Skills:
 + Level 3.3 Dodging
 + Level 3.4 Stealth
 * Level 4.6 Spellcasting
 * Level 5.3 Conjurations


You had 9 spell levels left.
You knew the following spells:

 Your Spells              Type           Power      Damage    Failure   Level
a - Magic Dart            Conj           100%       1d8       1%          1
b - Searing Ray           Conj           64%        2d6       1%          2

Your spell library contained the following spells:

 Spells                   Type           Power      Damage    Failure   Level
 Dazzling Flash           Conj/Hex       38%        N/A       9%          3
 Fulminant Prism          Conj/Hex       9%         3d7       28%         4
 Hailstorm                Conj/Ice       19%        3d6       28%         4
 Iskenderun's Mystic Bla  Conj/Tloc      19%        2d6       28%         4
 Passage of Golubria      Tloc           5%         N/A       65%         4
 Freezing Cloud           Conj/Ice/Air   7%         6-21      75%         5


Dungeon Overview and Level Annotations

Branches:
Dungeon (2/15)

Altars:

Annotations:
D:2 Jessica


Message History

The magic dart hits the gnoll.
The gnoll is heavily wounded.
The gnoll shouts!
A gnoll comes into view. It is wielding a +0 whip.
Found a grey potion and a hand axe.
A gnoll comes into view. It is wielding a +0 spear.
There are monsters nearby!
A gnoll sergeant and Jessica come into view.
The gnoll shouts!
The gnoll sergeant shouts!
Jessica shouts!
Jessica drinks a potion.
Jessica flickers and vanishes!
Deactivating autopickup; reactivate with Ctrl-A.
The gnoll shouts!
The magic dart hits the gnoll.
You kill the gnoll!
You hear a shout!
A gnoll comes into view. It is wielding a +0 club.
There are monsters nearby!
There are monsters nearby!
You see here 6 poisoned darts.
You see here 6 poisoned darts.
The gnoll attacks as you move away! The gnoll hits you with a +0 whip.
The gnoll attacks as you move away! The gnoll hits you with a +0 whip!
The gnoll attacks as you move away! The gnoll hits you with a +0 whip!
* * * LOW HITPOINT WARNING * * *
Casting: Magic Dart (safe; 1% risk of failure)
Confirm with . or Enter, or press ? or * to list all spells.
You don't know that spell.
Casting: Magic Dart (safe; 1% risk of failure)
Confirm with . or Enter, or press ? or * to list all spells.
Aiming: Searing Ray (safe; 1% risk of failure)
Press: ? - help, Shift-Dir - straight line, f - gnoll
Aim: a gnoll, wielding a +0 whip (83% to hit)
The searing ray hits the gnoll.
The gnoll is moderately wounded. (Press . to maintain the ray.)
The gnoll barely misses you.
The searing ray hits the gnoll.
The gnoll is almost dead.
The gnoll hits you with a +0 whip!
You die... .†.gg....g.# ...####.##g# ..P...#.##.# .♣)♣.♣..##.# P♣♣♣P♣♣P.#(####### P♣ ♣♣♣.♣.#.gg....# ♣♣♣♣♣♣. ##.#####g# ..P♣PPP

#.# ♣♣♣g# P...P##
#.♣♣P♣♣@♣ ##..##
###♣♣..P..♣♣ #.##
#.....PPP..♣♣
##.#####.#♣.♣......♣
..........♣P.P.PP.P♣
###########♣♣.PP♣P.♣
♣PPP♣♣♣♣♣ #####
#♣♣P.♣ ..... ♣♣.♣


You could see 2 gnolls.

Vanquished Creatures
  Natasha (twice) (D:2)
  A gnoll (D:2)
  2 adders (D:2)
  A worm (D:2)
  A dart slug (D:2)
  4 bats
  4 endoplasms
  5 giant cockroaches
  2 goblins
  4 hobgoblins
  4 jackals (D:1)
  4 kobolds
  A quokka (D:1)
  5 ball pythons
  2 frilled lizards (D:1)
  A rat (D:1)
43 creatures vanquished.

Vanquished Creatures (others)
  4 plants (D:2)
4 creatures vanquished.

Grand Total: 47 creatures vanquished

Notes
Turn   | Place    | Note
-------+----------+-------------------------------------------
     0 | D:1      | Zeld the Deep Elf Conjurer began the quest for the Orb.
     0 | D:1      | Reached XP level 1. HP: 10/10 MP: 6/6
   235 | D:1      | Reached XP level 2. HP: 15/15 MP: 5/8
  1158 | D:1      | Reached XP level 3. HP: 19/19 MP: 8/10
  1161 | D:1      | Learned a level 2 spell: Searing Ray
  1192 | D:1      | Got the Compilation of the Non-Euclidean Chill
  1771 | D:2      | Noticed Natasha
  1775 | D:2      | Killed Natasha
  1776 | D:2      | Reached skill level 5 in Conjurations
  1776 | D:2      | Reached XP level 4. HP: 5/24 MP: 8/12
  2018 | D:2      | Found a faded altar of an unknown god.
  2230 | D:2      | Noticed Natasha
  2273 | D:2      | HP: 1/24 [Natasha/magic dart (5)]
  2277 | D:2      | Killed Natasha
  2945 | D:2      | Noticed a gnoll sergeant
  2945 | D:2      | Noticed Jessica
  2981 | D:2      | Slain by a gnoll

Illustrated notes

Levels and vault maps discovered:
D:1:      mrwooster_arrival_statue_3, layout_loops_cross
D:2:      layout_loops_ring, shapermc_ecumenical_altar_mp_vishouse,
          serial_forest, infiniplex_forest_corner_1,
          infiniplex_forest_clump_long, infiniplex_forest_end_1,
          infiniplex_forest_3_way, infiniplex_forest_end_2,
          infiniplex_forest_end_1, infiniplex_forest_3_way,
          pf_guarded_unrand_woodcutter, uniq_jessica, uniq_natasha

Skill      XL: |  1  2  3 |
---------------+----------+-----
Stealth        | 3 |  3.4
Dodging        | 3 |  3.3
Spellcasting   | 4 |  4.6
Conjurations   | 5 |  5.3

Action                   |  1- 3 |  4- 6 || total
-------------------------+-------+-------++-------
Melee: Unarmed           |    26 |    12 ||    38
       Punch             |     1 |       ||     1
 Cast: Magic Dart        |    73 |    13 ||    86
       Searing Ray       |     1 |     2 ||     3
 Stab: Sleeping          |     1 |       ||     1
Armor: Robe              |    24 |       ||    24
       Skin              |       |     2 ||     2
Dodge: Dodged            |    52 |    11 ||    63
